 Dungeon Crawl Stone Soup version 0.29-a0-275-g389c0b56f3 (webtiles) character file.

Game seed: 3640042087446938445

44 YayAnonymity the Poker (level 3, -8/29 HPs)
             Began as a Human Berserker on Mar 13, 2022.
             Was a Believer of Trog.
             Mangled by Sigmund
             ... wielding a +0 scythe
              (10 damage)
             ... on level 2 of the Dungeon.
             The game lasted 00:02:16 (1337 turns).

YayAnonymity the Poker (Human Berserker)            Turns: 1337, Time: 00:02:16

Health: -8/29      AC:  7    Str: 19    XL:     3   Next: 85%
Magic:  3/3        EV: 11    Int:  7    God:    Trog [**....]
Gold:   59         SH:  0    Dex: 12    Spells: 2/2 levels left

rFire   . . .      SeeInvis .   a - +0 spear
rCold   . . .      Faith    .   (no shield)
rNeg    . . .      Spirit   .   m - +0 ring mail
rPois   .          Reflect  .   d - +0 helmet
rElec   .          Harm     .   (no cloak)
rCorr   .          Rampage  .   (no gloves)
Will    .....                   j - +0 pair of boots
Stlth   ..........              (no amulet)
HPRegen 0.09/turn               (no ring)
MPRegen 0.08/turn               (no ring)

@: confused
A: no striking features
a: Renounce Religion, Berserk, Trog's Hand


You were on level 2 of the Dungeon.
You worshipped Trog.
Trog was pleased with you.
You visited 1 branch of the dungeon, and saw 2 of its levels.

You collected 59 gold pieces.

Inventory:

Hand Weapons
 a - a +0 spear (weapon)
Missiles
 c - 5 poisoned darts (quivered)
 f - 3 boomerangs
Armour
 d - a +0 helmet (worn)
 j - a +0 pair of boots (worn)
 m - a +0 ring mail (worn)
Scrolls
 b - a scroll of noise {unknown}
 i - 2 scrolls of immolation {unknown}
Potions
 e - 2 potions of curing
 g - a potion of magic
 h - 2 potions of might
 k - a potion of lignification {unknown}


   Skills:
 - Level 3.0 Fighting
 + Level 4.5 Polearms
 - Level 2.0 Armour
 - Level 2.0 Dodging


You had 2 spell levels left.
You didn't know any spells.
Your spell library was empty.

Dungeon Overview and Level Annotations

Branches:
Dungeon (2/15)

Altars:

Annotations:
D:2 Sigmund


Message History

You kill the endoplasm!
Trog accepts your kill.
You can now call upon Trog for regeneration and willpower.
No target in view!
No target in view!
No target in view!
Found a ring mail.
You see here a +0 ring mail.
Found 3 boomerangs.
Sigmund the Dreaded comes into view.
He is wielding a +0 scythe and carrying a wand of flame (17).
Sigmund shouts!
Sigmund zaps a wand.
The puff of flame hits you!
You see here 3 boomerangs.
f - 3 boomerangs Sigmund gestures wildly while chanting.
Sigmund flickers and vanishes!
Deactivating autopickup; reactivate with Ctrl-A.
You are confused.
You are more confused.
You're too confused to move!
You bump into the rock wall.
Something tries to affect you, but you resist.
Okay, then.
You hear a zap.
A puff of flame appears from out of thin air!
The puff of flame hits you but does no damage.
You bump into the rock wall.
You are more confused.
You bump into the rock wall.
You hear a zap.
A puff of flame appears from out of thin air!
The puff of flame hits you!
* * * LOW HITPOINT WARNING * * *
You bump into the rock wall.
A magic dart appears from out of thin air!
The magic dart hits you.
* * * LOW HITPOINT WARNING * * *
You bump into the rock wall.
Something hits you!
You die...

#...##..........
#...##..........
#...##..........
#...##..........
#...#########'## #...# #.#
#...#########.#
###############..........#.#
............@.##########[#.#
#############.# #.#.# #.#
#.#.# #.# #.#.# #.# #.#.##
#.# #.#... #.# #.#### #.#
#.# #.##########.#


There were no monsters in sight!

Vanquished Creatures
  A worm (D:2)
  A dart slug (D:1)
  3 endoplasms
  7 goblins
  4 hobgoblins
  6 kobolds (D:1)
  2 quokkas
  A ball python (D:1)
  6 bats
  2 frilled lizards (D:1)
  3 rats (D:1)
36 creatures vanquished.

Notes
Turn   | Place    | Note
-------+----------+-------------------------------------------
     0 | D:1      | YayAnonymity the Human Berserker began the quest for the
                  | Orb.
     0 | D:1      | Reached XP level 1. HP: 18/18 MP: 1/1
   106 | D:1      | Reached XP level 2. HP: 20/24 MP: 2/2
   190 | D:1      | Reached skill level 4 in Polearms
   190 | D:1      | Reached XP level 3. HP: 29/29 MP: 3/3
   564 | D:1      | Reached ** piety under Trog
   802 | D:2      | Found a faded altar of an unknown god.
  1318 | D:2      | Noticed Sigmund
  1337 | D:2      | Mangled by Sigmund

Illustrated notes

Levels and vault maps discovered:
D:1:      dpeg_arrival_three_same_balls, layout_basic
D:2:      layout_basic, nicolae_ecumenical_pavilion, serial_bayou_pond_a,
          uniq_sigmund

Skill      XL: |  1  2 |
---------------+-------+-----
Polearms       | 4 |  4.5
Fighting       | |  3.0
Armour         | |  2.0
Dodging        | |  2.0

Action                   || total
-------------------------++-------
Melee: Spear             ||   106
Invok: Berserk           ||     1
  Use: Scroll            ||     3
Armor: Animal skin       ||    34
       Leather armour    ||     2
       Ring mail         ||     2
Dodge: Dodged            ||    44

Table legend: (Time is in decaauts)
 A = Elapsed time spent in this place.
 B = Non-inter-level travel time spent in this place.
 C = Inter-level travel time spent in this place.
 D = Time resting spent in this place.
 E = Time spent auto-exploring this place.
 F = Levels seen in this place.
 G = Mean time per level.
                   A        B        C        D        E       F      G
               +--------+--------+--------+--------+--------+-----+--------+
         Total |   1333 |   1319 |     14 |      1 |   1026 |   2 |  666.5 |
       Dungeon |   1333 |   1319 |     14 |      1 |   1026 |   2 |  666.5 |
               +--------+--------+--------+--------+--------+-----+--------+

Top non-repeatable levels by time:
     D:1: 794 daAuts
     D:2: 539 daAuts
